 Dungeon Crawl Stone Soup version 0.29-a0-920-g5d2155ec51 (webtiles) character file.

Game seed: 3978385225196338493

301 Ajdolov the Digger (level 6, -1/45 HPs)
             Began as a Ghoul Earth Elementalist on July 27, 2022.
             Was an Initiate of Sif Muna.
             Killed from afar by an orc wizard (7 damage)
             ... with a puff of flame
             ... on level 4 of the Dungeon.
             The game lasted 00:04:11 (3119 turns).

Ajdolov the Digger (Ghoul Earth Elementalist)       Turns: 3119, Time: 00:04:11

Health: -1/45      AC:  3    Str: 12    XL:     6   Next: 37%
Magic:  4/7        EV: 12    Int: 12    God:    Sif Muna [......]
Gold:   1          SH:  0    Dex:  9    Spells: 4/8 levels left

rFire   . . .      SeeInvis .   l - +2 dagger (venom)
rCold   + . .      Faith    .   (no shield)
rNeg    + + +      Spirit   .   a - +0 robe
rPois   ∞          Reflect  .   (no helmet)
rElec   .          Harm     .   (no cloak)
rCorr   .          Rampage  .   (no gloves)
Will    .....                   c - +0 pair of boots
Stlth   ++........              (no amulet)
HPRegen 0.00/turn               h - ring of flight
MPRegen 0.10/turn               (no ring)

@: flying, inhibited regen
A: claws 1, cold resistance 1, negative energy resistance 3, inhibited
regeneration, torment resistance 2, devour on kill
a: Renounce Religion


You were on level 4 of the Dungeon.
You worshipped Sif Muna.
Sif Muna was noncommittal.
You visited 1 branch of the dungeon, and saw 4 of its levels.

You collected 126 gold pieces.
You spent 125 gold pieces at shops.

Inventory:

Hand Weapons
 f - a +0 spear
 l - a +2 dagger of venom (weapon)
Missiles
 e - 6 silver javelins
Armour
 a - a +0 robe (worn)
 c - a +0 pair of boots (worn)
Jewellery
 h - a ring of flight (left claw)
 k - a +6 ring of intelligence
Scrolls
 d - a scroll of enchant armour {unknown}
 i - a scroll of amnesia {unknown}
 j - 4 scrolls of identify
 m - a scroll of blinking
 n - 2 scrolls of teleportation
 o - a scroll of acquirement {unknown}
Potions
 b - a potion of magic
 g - 2 potions of attraction {unknown}


   Skills:
 - Level 1.7 Dodging
 - Level 2.1 Stealth
 - Level 1.7 Spellcasting
 * Level 1.0 Conjurations
 - Level 0.8 Transmutations
 + Level 7.4 Earth Magic


You had 4 spell levels left.
You knew the following spells:

 Your Spells              Type           Power      Damage    Failure   Level
a - Sandblast             Erth           36%        2d10      1%          1
b - Stone Arrow           Conj/Erth      22%        3d8       14%         3

Your spell library contained the following spells:

 Spells                   Type           Power      Damage    Failure   Level
 Passwall                 Tmut/Erth      9%         N/A       8%          2
 Petrify                  Tmut/Erth      11%        N/A       45%         4
 Dazzling Flash           Conj/Hex       4%         N/A       56%         3
 Ignite Poison            Fire/Tmut/Pois 1%         N/A       58%         3
 Mephitic Cloud           Conj/Pois/Air  1%         N/A       58%         3
 Iskenderun's Mystic Bla  Conj/Tloc      2%         2d3       92%         4
 Freezing Cloud           Conj/Ice/Air   0%         6-21      100%        5
 Starburst                Conj/Fire      1%         6d3       100%        6


Dungeon Overview and Level Annotations

Branches:
Dungeon (4/15)
 Temple: D:4-7

Altars:
Cheibriados
Dithmenos
Makhleb
Sif Muna

Shops:
D:3 ?


Innate Abilities, Weirdness & Mutations

You are immune to poison.
You have sharp fingernails.
Your flesh is cold resistant. (rC+)
You are immune to negative energy. (rN+++)
You do not regenerate when monsters are visible.
You are immune to unholy pain and torment.
You thrive by killing the living.


Message History

You bump into the rock wall.
The orc wizard misses you. The orc wizard closely misses you.
Things that are here:
a +0 dagger; a +0 robe You bump into the rock wall.
The orc wizard closely misses you.
You feel less confused.
You miss the orc wizard. The orc wizard closely misses you.
The blast of sand hits the orc wizard!
The orc wizard is heavily wounded.
The orc wizard barely misses you.
The orc wizard hits you but does no damage.
Aiming: Sandblast (safe; 1% risk of failure)
Press: ? - help, Q - select action, (/) - cycle Shift-Dir - straight line, f/p - orc wizard
Aim: an orc wizard, wielding a +0 dagger and wearing a +0 robe (heavily wounded, 77% to hit)
The blast of sand hits the orc wizard.
The orc wizard is almost dead.
The orc wizard barely misses you.
An orc warrior comes into view. It is wielding a +0 long sword.
The orc wizard hits you with a +0 dagger.
Aiming: Sandblast (safe; 1% risk of failure)
Press: ? - help, Q - select action, (/) - cycle Shift-Dir - straight line, f/p - orc wizard
Aim: an orc wizard, wielding a +0 dagger and wearing a +0 robe (almost dead, 77% to hit)
The blast of sand misses the orc wizard.
The orc wizard points at you and mumbles some strange words.
The puff of flame hits you.
The orc warrior hits you with a +0 long sword.
The orc wizard hits you with a +0 dagger.
The orc warrior attacks as you move away!
The orc warrior hits you with a +0 long sword.
* * * LOW HITPOINT WARNING * * *
The orc wizard hits you with a +0 dagger.
* * * LOW HITPOINT WARNING * * *
Things that are here:
a +0 dagger; a +0 robe Blink to where?
Press: ? - help, Dir - move target, p - orc wizard
As you read the scroll of blinking, it crumbles to dust.
The orc wizard casts a spell at you. The puff of flame hits you!
You die...

.......##
.......
......#
.....
.... #..
#.# #@#
#.# #.##
######..#
...#<).#
#.#§..#
#.oo..#
###.#.#
###...


You could see an orc wizard.

Vanquished Creatures
  2 orc priests (D:3)
  Natasha (thrice) (D:3)
  2 orc wizards (D:4)
  2 gnolls (D:3)
  5 adders
  A worm (D:3)
  2 dart slugs
  An orc (D:3)
  4 endoplasms
  A giant cockroach (D:2)
  6 goblins
  4 hobgoblins
  4 jackals (D:2)
  A quokka (D:1)
  4 ball pythons (D:2)
  3 bats
  2 frilled lizards
  2 kobolds
  5 rats
  A butterfly (D:3)
55 creatures vanquished.

Vanquished Creatures (others)
  A fungus (D:3)
  2 plants (D:3)
3 creatures vanquished.

Grand Total: 58 creatures vanquished

Notes
Turn   | Place    | Note
-------+----------+-------------------------------------------
     0 | D:1      | Ajdolov the Ghoul Earth Elementalist began the quest for
                  | the Orb.
     0 | D:1      | Reached XP level 1. HP: 14/14 MP: 2/2
   296 | D:1      | Reached XP level 2. HP: 20/20 MP: 0/3
   447 | D:1      | Reached skill level 4 in Earth Magic
  1065 | D:2      | Reached XP level 3. HP: 24/26 MP: 2/4
  1267 | D:2      | Learned a level 3 spell: Stone Arrow
  1401 | D:2      | Reached skill level 5 in Earth Magic
  1502 | D:2      | Reached XP level 4. HP: 27/33 MP: 2/5
  2101 | D:3      | Noticed Natasha
  2114 | D:3      | Killed Natasha
  2256 | D:3      | Found Baymatasm's Magic Scroll Shoppe.
  2263 | D:3      | Bought a scroll of blinking for 75 gold pieces
  2263 | D:3      | Bought a scroll of teleportation for 30 gold pieces
  2263 | D:3      | Bought a scroll of identify for 20 gold pieces
  2277 | D:3      | Reached skill level 6 in Earth Magic
  2277 | D:3      | Reached XP level 5. HP: 38/38 MP: 4/6
  2311 | D:3      | Noticed Natasha
  2346 | D:3      | Killed Natasha
  2542 | D:3      | Noticed Natasha
  2550 | D:3      | Killed Natasha
  2551 | D:3      | Reached skill level 7 in Earth Magic
  2551 | D:3      | Reached XP level 6. HP: 45/45 MP: 4/7
  2853 | D:3      | Found a faded altar of an unknown god.
  2879 | D:3      | Found a faded altar of an unknown god.
  2879 | D:3      | Found a shimmering blue altar of Sif Muna.
  2885 | D:3      | Found a burning altar of Makhleb.
  2887 | D:3      | Became a worshipper of Sif Muna the Loreminder
  2890 | D:3      | Found a snail-covered altar of Cheibriados.
  2892 | D:3      | Found a shadowy altar of Dithmenos.
  3108 | D:4      | Reached skill level 1 in Conjurations
  3116 | D:4      | Noticed an orc warrior
  3119 | D:4      | Killed from afar by an orc wizard

Illustrated notes

Levels and vault maps discovered:
D:1:      lemuel_arrival_funnel, layout_basic
D:2:      layout_basic
D:3:      layout_rooms, chequers_temple_overflow_minitemple, serial_shops, shop,
          shapermc_ecumenical_altar_acropolis, hangedman_glass_garden,
          uniq_natasha
D:4:      layout_basic, mainiacjoe_overflow_24_doors, serial_shops, shop,
          kennysheep_small_spiral, uniq_eustachio, uniq_pikel

Skill      XL: |  1  2  3  4  5  6 |
---------------+-------------------+-----
Earth Magic    | 4 5 6 7 |  7.4
Conjurations   | 1 |  1.0
Dodging        | |  1.7
Stealth        | |  2.1
Spellcasting   | |  1.7
Transmutations | |  0.8

Action                   |  1- 3 |  4- 6 || total
-------------------------+-------+-------++-------
Melee: Unarmed           |     2 |       ||     2
       Spear             |    25 |       ||    25
       Dagger            |       |    54 ||    54
 Cast: Sandblast         |    36 |    26 ||    62
       Stone Arrow       |       |     2 ||     2
  Use: Scroll            |       |     1 ||     1
 Stab: Sleeping          |     1 |       ||     1
Armor: Robe              |     9 |    10 ||    19
Dodge: Dodged            |    29 |    38 ||    67

Table legend: (Time is in decaauts)
 A = Elapsed time spent in this place.
 B = Non-inter-level travel time spent in this place.
 C = Inter-level travel time spent in this place.
 D = Time resting spent in this place.
 E = Time spent auto-exploring this place.
 F = Levels seen in this place.
 G = Mean time per level.
                   A        B        C        D        E       F      G
               +--------+--------+--------+--------+--------+-----+--------+
         Total |   3190 |   3030 |    160 |    165 |   2359 |   4 |  797.5 |
       Dungeon |   3190 |   3030 |    160 |    165 |   2359 |   4 |  797.5 |
               +--------+--------+--------+--------+--------+-----+--------+

Top non-repeatable levels by time:
     D:3: 1143 daAuts
     D:2: 1020 daAuts
     D:1: 996 daAuts
     D:4: 29 daAuts
